 Dungeon Crawl Stone Soup version 0.18.1-50-g88ac8fd (webtiles) character file.

81 Nordron the Firebug (level 4, -3/24 HPs)
             Began as a Gargoyle Fire Elementalist on Sept 27, 2016.
             Slain by a water moccasin skeleton (5 damage)
             ... on level 5 of the Dungeon.
             The game lasted 00:05:33 (1675 turns).

Nordron the Firebug (Gargoyle Fire Elementalist)    Turns: 1675, Time: 00:05:34

Health: -3/24      AC:  6    Str: 11    XL:     4   Next: 42%
Magic:  0/9        EV: 12    Int: 17    God:
Gold:   89         SH:  0    Dex: 10    Spells: 2 memorised, 5 levels left

rFire  . . .     SeeInvis .     i - +0 whip (venom)
rCold  . . .     Gourm    .     a - +0 robe
rNeg   + . .     Faith    .     (no shield)
rPois  ∞         Spirit   .     (no helmet)
rElec  +         Dismiss  .     m - +0 cloak
rCorr  .         Reflect  .     (no gloves)
SustAt .         Harm     .     (no boots)
MR     .....                    (no amulet)
Stlth  ++........               (no ring)
                                (no ring)

@: very slightly contaminated, not resistant to hostile enchantments, unstealthy
A: negative energy resistance 1, electricity resistance, unbreathing,
petrification resistance, rot immunity, AC +3
a: no special abilities


You were on level 5 of the Dungeon.
You were not hungry.

You visited 1 branch of the dungeon, and saw 4 of its levels.

You collected 89 gold pieces.

Inventory:

Hand Weapons
 i - a +0 whip of venom (weapon)
Armour
 a - a +0 robe (worn)
 m - a +0 cloak (worn)
Scrolls
 e - a scroll of magic mapping {unknown}
 f - 2 scrolls of identify {unknown}
 g - 4 scrolls of remove curse {unknown}
 o - a scroll of immolation {unknown}
 q - 2 scrolls of enchant weapon {unknown}
Potions
 h - a potion of lignification {unknown}
 j - 2 potions of resistance {unknown}
 k - a potion of haste {unknown}
 p - a potion of invisibility {unknown}
Books
 b - a book of Flames

   Spells                             Type                      Level
   a - Flame Tongue                   Conjuration/Fire             1
   b - Throw Flame                    Conjuration/Fire             2
   c - Conjure Flame                  Conjuration/Fire             3
   d - Inner Flame                    Hexes/Fire                   3
   e - Sticky Flame                   Conjuration/Fire             4
   f - Fireball                       Conjuration/Fire             5
Comestibles
 c - 2 bread rations
 d - 2 meat rations
 l - 4 fruits
 n - 2 chunks of flesh


   Skills:
 - Level 1.5 Dodging
 - Level 2.1 Stealth
 * Level 3.4 Spellcasting
 + Level 2.1 Conjurations
 + Level 3.5 Fire Magic


You had 5 spell levels left.
You knew the following spells:

 Your Spells              Type           Power        Failure   Level  Hunger
a - Flame Tongue          Conj/Fire      ##...        6%          1    None
b - Conjure Flame         Conj/Fire      ##......     17%         3    ###....


Dungeon Overview and Level Annotations

Branches:
Dungeon (3/15)

Altars:
Okawaru
Qazlal
Xom
Zin


Innate Abilities, Weirdness & Mutations

You are resistant to torment.
Your stone body is resilient (AC +3).
You are immune to poison.
You resist negative energy.
You are resistant to electric shocks.
You can survive without breathing.
You are immune to petrification.
You are immune to rotting.


Message History

Press: ? - help, Shift-Dir - straight line, f/p - water moccasin skeleton
Aim: a water moccasin skeleton The flame tongue hits the water moccasin skeleton.
The water moccasin skeleton bites you.
Casting: Flame Tongue
Confirm with . or Enter, or press ? or * to list all spells.
Aiming: Flame Tongue
Press: ? - help, Shift-Dir - straight line, f/p - water moccasin skeleton
Aim: a water moccasin skeleton You miscast Flame Tongue.
You are very lightly contaminated with residual magic.
The air around you burns with energy!
The water moccasin skeleton completely misses you.
The water moccasin skeleton bites you.
You closely miss the water moccasin skeleton.
The water moccasin skeleton bites you but does no damage.
The water moccasin skeleton bites you.
* * * LOW HITPOINT WARNING * * *
The water moccasin skeleton bites you.
You die...

+ ##. . .. #.##. ..
#..#.# .# ###.#.#
.# ......#+###.#
#.....Z@.#
#........####.
+............. #.
#........####
.#...##.##.....#
.........#.....#
##.####..#.........
#..####+#.##. #..#
.#


You could see a water moccasin skeleton.

Vanquished Creatures
  A crimson imp (D:5)
  2 adders (D:2)
  A worm (D:2)
  A dart slug (D:1)
  A giant gecko (D:2)
  4 bats
  2 giant cockroaches
  A hobgoblin (D:2)
  9 kobolds
  2 quokkas (D:2)
  A ball python (D:1)
  A giant newt (D:5)
  A goblin (D:1)
  3 rats
30 creatures vanquished.

Notes
Turn   | Place    | Note
--------------------------------------------------------------
     0 | D:1      | Nordron the Gargoyle Fire Elementalist began the quest for the Orb.
     0 | D:1      | Reached XP level 1. HP: 10/10 MP: 3/3
   409 | D:1      | Reached XP level 2. HP: 13/15 MP: 0/5
   961 | D:2      | Found an iron altar of Okawaru.
  1045 | D:2      | Reached XP level 3. HP: 16/19 MP: 2/7
  1074 | D:2      | Found a shimmering altar of Xom.
  1076 | D:2      | Noticed an angel
  1093 | D:2      | Found a glowing silver altar of Zin.
  1277 | D:2      | Found a stormy altar of Qazlal.
  1605 | D:3      | Learned a level 3 spell: Conjure Flame
  1635 | D:3      | You fall through a shaft for 2 floors!
  1635 | D:5      | Entered Level 5 of the Dungeon
  1650 | D:5      | Reached XP level 4. HP: 20/24 MP: 9/9
  1675 | D:5      | Slain by a water moccasin skeleton

Skill      XL: |  1  2  3 |
---------------+----------+-----
Spellcasting   | 3 |  3.4
Conjurations   | 2 |  2.1
Dodging        | |  1.5
Stealth        | |  2.1
Fire Magic     | |  3.5

Action                   |  1- 3 |  4- 6 || total
-------------------------+-------+-------++-------
Melee: Whip              |    30 |     1 ||    31
 Cast: Flame Tongue      |    44 |     9 ||    53
  Eat: Chunk             |     3 |       ||     3
Armor: Robe              |    19 |     2 ||    21
Dodge: Dodged            |    27 |     6 ||    33
